 Dungeon Crawl Stone Soup version 0.20.1-1-g8b1a95d (webtiles) character file.

2167 Schiappus the Chopper (level 9, -3/87 HPs)
             Began as a Troll Berserker on Nov 15, 2017.
             Was a Priest of Trog.
             Slain by a vampire (10 damage)
             ... on level 9 of the Dungeon.
             The game lasted 00:28:38 (7256 turns).

Schiappus the Chopper (Troll Berserker)             Turns: 7256, Time: 00:28:39

Health: -3/87      AC:  8    Str: 25 (26) XL:     9   Next: 10%
Magic:  8/8        EV: 12    Int:  6      God:    Trog [***...]
Gold:   370        SH:  0    Dex: 11      Spells: 8/8 levels left

rFire    + . .     SeeInvis .   f - +1 battleaxe
rCold    + + +     Gourm    +   (shield currently unavailable)
rNeg     . . .     Faith    +   s - +2 robe "Ziamylag" {rC++}
rPois    .         Spirit   .   j - +0 hat
rElec    .         Reflect  .   (no cloak)
rCorr    .         Harm     .   (gloves unavailable)
MR       .....     Clarity  +   (boots unavailable)
Stlth    ++........             k - amulet of faith (curse)
Regen    0.7/turn               p - ring of protection from cold
MPRegen  0.2/turn               g - +3 ring of intelligence

@: no status effects
A: unfitting armour, claws 3, clarity, fire resistance 1, fast metabolism 3,
gourmand, high mp 1, regeneration 1, shaggy fur 2, tough skin 2, weak 1
a: Berserk, Trog's Hand, Burn Spellbooks, Renounce Religion


You were on level 9 of the Dungeon.
You worshipped Trog.
Trog was most pleased with you.
You were full.

You visited 2 branches of the dungeon, and saw 10 of its levels.

You collected 508 gold pieces.
You spent 138 gold pieces at shops.

Inventory:

Hand Weapons
 f - a +1 battleaxe (weapon)
 n - a +0 war axe
Armour
 a - a +0 large shield
 j - a +0 hat (worn)
 s - the +2 robe "Ziamylag" (worn) {rC++}
   (You found it on level 6 of the Dungeon)

   It greatly protects you from cold.
Jewellery
 g - a +3 ring of intelligence (right claw)
 k - a cursed amulet of faith (around neck)
 p - a ring of protection from cold (left claw)
Wands
 e - a wand of random effects (25/48)
 o - a wand of confusion (42/48)
Scrolls
 d - 2 scrolls of fog
 h - 2 scrolls of blinking
 i - 2 scrolls of magic mapping
 r - a scroll of identify
Potions
 b - 6 potions of heal wounds
 l - 2 potions of haste
Comestibles
 c - 4 bread rations
 m - 4 meat rations


   Skills:
 + Level 4.8 Fighting
 + Level 7.5 Axes
 + Level 5.4 Dodging
 + Level 1.1 Stealth
 + Level 2.1 Shields


You had 8 spell levels left.
You didn't know any spells.

Dungeon Overview and Level Annotations

Branches:
Dungeon (9/15)             Temple (1/1) D:5
   Lair: D:8-11         Orc: D:9-12

Altars:
Ashenzari
Cheibriados
Dithmenos
Elyvilon
Fedhas
Hepliaklqana
Kikubaaqudgha
Makhleb
Nemelex Xobeh
Okawaru
Qazlal
Ru
Sif Muna
Trog
Uskayaw
Vehumet
Xom
Yredelemnul
Zin
The Shining One

Shops:
D:4 *


Innate Abilities, Weirdness & Mutations

You are too large for most types of armour.
You have claws for hands.
Your metabolism is lightning-fast.
You like to eat raw meat.
Your natural rate of healing is unusually fast.
You are covered in thick fur. (AC +2)
You have very tough skin. (AC +2)
You possess an exceptional clarity of mind.
Your flesh is heat resistant. (rF+)
You have an increased reservoir of magic. (+10% MP)
You are weak. (Str -2)


Message History

The vampire closely misses you. The vampire bites you!
The vampire draws strength from your injuries!
You closely miss the vampire. The vampire hits you.
The vampire closely misses you. The vampire hits you.
The vampire bites you but does no damage.
You hit the vampire.
The vampire is lightly damaged.
The vampire hits you. The vampire bites you.
The vampire draws strength from your injuries!
You hit the vampire.
The vampire is lightly damaged.
The vampire hits you!
* * * LOW HITPOINT WARNING * * *
The vampire misses you.
You barely miss the vampire.
The vampire is lightly damaged.
The vampire hits you!
* * * LOW HITPOINT WARNING * * *
The vampire bites you!
You die...

######
#....#
#..<.#
#..@V#
#....#
#....#
#+##+#


You could see a vampire.

Vanquished Creatures
  A hippogriff (D:8)
  2 sky beasts
  An ice beast (D:5)
  2 orc warriors
  2 necrophages
  A phantom (D:4)
  2 ogres
  4 centaurs
  A crocodile (D:7)
  A bullfrog (D:8)
  A scorpion (D:4)
  A howler monkey (D:4)
  The ghost of Folque the Magician, a weakling OpWz of Sif Muna (D:4)
  An orc priest (D:8)
  4 hounds
  An orc wizard (D:5)
  5 worker ants
  2 worker ant zombies (D:6)
  8 adders
  3 gnolls (D:3)
  A shadow imp (D:6)
  3 adder skeletons
  2 worms
  A dart slug (D:2)
  3 leopard geckos
  11 orcs
  2 giant cockroaches
  7 goblins
  8 hobgoblins
  7 jackals
  4 kobolds
  3 quokkas
  6 bats
  A frilled lizard (D:4)
  A leopard gecko skeleton (D:7)
  8 rats
112 creatures vanquished.

Notes
Turn   | Place    | Note
-------+----------+-------------------------------------------
     0 | D:1      | Schiappus the Troll Berserker began the quest for the Orb.
     0 | D:1      | Reached XP level 1. HP: 22/22 MP: 0/0
   166 | D:1      | Reached XP level 2. HP: 24/29 MP: 1/1
   895 | D:2      | Reached skill level 3 in Axes
   895 | D:2      | Reached XP level 3. HP: 36/36 MP: 2/2
   980 | D:2      | Found a faded altar of an unknown god.
  1342 | D:3      | Reached ** piety under Trog
  1456 | D:3      | Found a stormy altar of Qazlal.
  1457 | D:3      | Found a sparkling altar of Nemelex Xobeh.
  1460 | D:3      | Found a shattered altar of Ashenzari.
  1460 | D:3      | Found a hide-covered altar of Uskayaw.
  1479 | D:3      | Reached XP level 4. HP: 16/44 MP: 3/3
  2105 | D:3      | Reached XP level 5. HP: 48/52 MP: 4/4
  2355 | D:4      | Reached skill level 4 in Axes
  2531 | D:4      | Noticed a phantom
  2628 | D:4      | Noticed Folque's ghost (weakling OpWz)
  2630 | D:4      | Killed a phantom
  2630 | D:4      | Reached XP level 6. HP: 60/61 MP: 5/5
  2640 | D:4      | Killed Folque's ghost
  2901 | D:4      | Reached skill level 5 in Axes
  2990 | D:4      | Found Meroog's Assorted Antiques.
  3005 | D:4      | Bought a steel ring for 115 gold pieces
  3005 | D:4      | Bought a scroll labeled TEABEI QAWN for 23 gold pieces
  3016 | D:4      | Found a burning altar of Makhleb.
  3429 | D:5      | Entered Level 5 of the Dungeon
  3458 | D:5      | Noticed a sky beast
  3477 | D:5      | Killed a sky beast
  3477 | D:5      | Reached XP level 7. HP: 29/67 MP: 6/6
  3585 | D:5      | Found an ancient bone altar of Kikubaaqudgha.
  3711 | D:5      | Found a staircase to the Ecumenical Temple.
  3724 | Temple   | Entered the Ecumenical Temple
  4269 | D:5      | Reached skill level 6 in Axes
  4535 | D:5      | Reached XP level 8. HP: 78/78 MP: 7/7
  4941 | D:5      | Found a radiant altar of Vehumet.
  4947 | D:5      | Found a deep blue altar of Sif Muna.
  4948 | D:5      | Reached *** piety under Trog
  4953 | D:5      | Lost intelligence.
  5137 | D:6      | Gained mutation: You have an increased reservoir of magic. (+10% MP) [mutagenic meat]
  5138 | D:6      | Gained mutation: You are covered in thick fur. (AC +2) [mutagenic meat]
  5139 | D:6      | Gained mutation: You are weak. (Str -2) [mutagenic meat]
  5140 | D:6      | Gained mutation: You possess an exceptional clarity of mind. [mutagenic meat]
  5141 | D:6      | Gained mutation: Your flesh is heat resistant. (rF+) [mutagenic meat]
  5193 | D:6      | Reached skill level 1 in Shields
  5279 | D:6      | Reached skill level 1 in Stealth
  5322 | D:6      | Got a colourful robe
  5651 | D:6      | Found a shimmering altar of Xom.
  5667 | D:6      | Found a white marble altar of Elyvilon.
  5862 | D:6      | Identified the +2 robe "Ziamylag" {rC++} (You found it on level 6 of the Dungeon)
  6151 | D:7      | Reached skill level 7 in Axes
  6168 | D:7      | Reached skill level 5 in Dodging
  6629 | D:8      | Noticed a hippogriff
  6634 | D:8      | Killed a hippogriff
  6634 | D:8      | Reached XP level 9. HP: 53/85 MP: 8/8
  6860 | D:8      | Found a bloodstained altar of Trog.
  6862 | D:8      | Found a glowing silver altar of Zin.
  7256 | D:9      | Slain by a vampire

Skill      XL: |  1  2  3  4  5  6  7  8 |
---------------+-------------------------+-----
Axes           | 3 4 5 6 7 |  7.5
Dodging        | 3 4 5 |  5.4
Fighting       | 3 4 |  4.8
Shields        | 2 |  2.1
Stealth        | 1 |  1.1

Action                   |  1- 3 |  4- 6 |  7- 9 || total
-------------------------+-------+-------+-------++-------
Melee: Hand axe          |   118 |       |       ||   118
       War axe           |    14 |   157 |   144 ||   315
       Battleaxe         |       |       |    75 ||    75
Invok: Berserk           |       |       |     5 ||     5
       Burn Spellbooks   |       |       |     4 ||     4
Evoke: Wand              |       |       |     1 ||     1
  Use: Potion            |     1 |     3 |     5 ||     9
       Scroll            |       |     8 |     5 ||    13
 Stab: Sleeping          |       |       |     1 ||     1
  Eat: Chunk             |    19 |    15 |    34 ||    68
       Royal jelly       |       |       |     4 ||     4
       Bread ration      |       |       |     1 ||     1
       Fruit             |       |       |     1 ||     1
Armor: Animal skin       |     7 |       |       ||     7
       Robe              |    52 |    59 |    80 ||   191
Dodge: Dodged            |   104 |   122 |   123 ||   349
Block: Large shield      |       |       |   102 ||   102
